 Dungeon Crawl Stone Soup version 0.31.0-11-ge490571c62 (webtiles) character file.

Game seed: 50788099756120650

93 Jo5h the Trooper (level 4, -2/40 HPs)
             Began as a Minotaur Fighter on Feb 1, 2024.
             Was a Follower of Okawaru.
             Slain by a gnoll
             ... wielding a +0 flail
              (6 damage)
             ... on level 4 of the Dungeon on Feb 2, 2024.
             The game lasted 00:09:05 (2242 turns).

Jo5h the Trooper (Minotaur Fighter)                 Turns: 2242, Time: 00:09:07

Health: -2/40      AC:  7    Str: 22    XL:     4   Next: 36%
Magic:  3/3        EV: 10    Int:  5    God:    Okawaru [*.....]
Gold:   106        SH:  4    Dex: 10    Spells: 3/3 levels left

rFire   . . .        a - +0 long sword
rCold   . . .        c - +0 buckler
rNeg    . . .        b - +0 scale mail
rPois   .            (helmet restricted)
rElec   .            (no cloak)
rCorr   .            (no gloves)
SInv    .            (no boots)
Will    .....        (no amulet) Stlth
                     (no ring)
HPRegen 0.26/turn    (no ring)
MPRegen 0.08/turn

%: no passive effects
@: no status effects
A: horns 2, retaliatory headbutt
a: Renounce Religion, Heroism


You were on level 4 of the Dungeon.
You worshipped Okawaru.
Okawaru was aware of your devotion.
You visited 1 branch of the dungeon, and saw 4 of its levels.

You collected 106 gold pieces.

Inventory:

Hand Weapons
 a - a +0 long sword (weapon)
 t - a +0 sling
Missiles
 o - 4 boomerangs (quivered)
Armour
 b - a +0 scale mail (worn)
 c - a +0 buckler (worn)
 e - a +0 helmet
Jewellery
 B - a +5 ring of evasion
Scrolls
 f - a scroll of identify {unknown}
 h - 4 scrolls of teleportation {unknown}
 j - a scroll of fog {unknown}
 l - a scroll of noise {unknown}
 m - a scroll of revelation {unknown}
 p - a scroll of blinking {unknown}
 s - a scroll of vulnerability {unknown}
 u - a scroll of immolation {unknown}
 y - a scroll of silence {unknown}
 A - 2 scrolls of enchant armour {unknown}
 C - a scroll of torment {unknown}
Potions
 d - a potion of might
 g - a potion of ambrosia {unknown}
 i - 3 potions of haste {unknown}
 k - a potion of brilliance {unknown}
 n - a potion of invisibility {unknown}
 q - a potion of cancellation {unknown}
 r - 2 potions of mutation {unknown}
 v - a potion of lignification {unknown}
 w - a potion of heal wounds {unknown}
 x - a potion of magic {unknown}
 z - a potion of curing {unknown}


   Skills:
 + Level 4.3 Fighting
 + Level 3.5 Long Blades
 + Level 4.3 Armour
 + Level 1.3 Dodging
 + Level 4.2 Shields


You had 3 spell levels left.
You didn't know any spells.
Your spell library contained the following spells:

 Spells                   Type           Power      Damage    Failure   Level
 Apportation              Tloc           0%         N/A       86%         1
 Magic Dart               Conj           0%         1d3       86%         1
 Necrotise                Necr           0%         1d4       86%         1
 Sting                    Conj/Alch      0%         1d3       86%         1
 Blink                    Tloc           0%         N/A       94%         2
 Sublimation of Blood     Necr           0%         N/A       94%         2
 Summon Small Mammal      Summ           Unusable   N/A       N/A         1
 Call Imp                 Summ           Unusable   N/A       N/A         2
 Summon Hydra             Summ           Unusable   N/A       N/A         7

Dungeon Overview and Level Annotations

Branches:
Dungeon (4/15)
 Temple: D:4-7

Altars:
Ashenzari
Dithmenos
Okawaru
Uskayaw
Vehumet


Innate Abilities, Weirdness & Mutations

You have a pair of horns on your head.
You reflexively headbutt those who attack you in melee.


Message History

You feel sick.
You feel sick.
You are no longer poisoned. 2 gnolls come into view.
The gnoll shouts! x2
The gnoll moves out of view. x2
A gnoll comes into view.
It is wielding a +0 club and quivering 2 throwing nets.
The gnoll shouts!
The gnoll hits you but does no damage.
The gnoll throws a throwing net.
The throwing net barely misses you.
Found a stone staircase leading down.
The gnoll hits you with a +0 spear. The gnoll barely misses you.
You furiously retaliate!
You headbutt the gnoll. You hit the gnoll.
The gnoll is lightly wounded.
The gnoll hits you with a +0 club. The gnoll hits you with a +0 spear. x2
The gnoll barely misses you.
A gnoll comes into view. It is wielding a +0 flail.
The gnoll hits you with a +0 spear. x2
You barely miss the gnoll. Your headbutt misses the gnoll.
The gnoll is lightly wounded.
The gnoll hits you with a +0 spear. The gnoll hits you with a +0 club.
The gnoll closely misses you. You furiously retaliate!
You headbutt the gnoll! You barely miss the gnoll.
You headbutt the gnoll, but do no damage.
The gnoll is lightly wounded.
The gnoll hits you but does no damage. The gnoll barely misses you.
You hit the gnoll.
The gnoll is moderately wounded.
The gnoll hits you but does no damage. The gnoll hits you with a +0 club!
* * * LOW HITPOINT WARNING * * *
The gnoll hits you with a +0 flail.
* * * LOW HITPOINT WARNING * * *
You block the gnoll's attack.
You slash the gnoll!
The gnoll is almost dead.
The gnoll hits you with a +0 club.
* * * LOW HITPOINT WARNING * * *
The gnoll barely misses you. The gnoll hits you but does no damage.
The gnoll hits you with a +0 flail.
You die...

# #.##. #.>.. ##
#..#..# ..#
#..#..###..#
..........#
#.#.##g##.# .
#....(.@g.#..
#.#.#..gg...#
####..##..........
+.........##......
####.#.#...######.
#.#<#.#.....#
#.###.#####.#
#.....# #######


You could see 4 gnolls.

Vanquished Creatures
  2 adders
  3 dart slugs
  8 bats
  3 endoplasms
  3 giant cockroaches
  5 goblins
  6 hobgoblins
  9 jackals (D:2)
  A quokka (D:2)
  8 ball pythons
  2 frilled lizards
  4 kobolds
  6 rats
60 creatures vanquished.

Notes
Turn   | Place    | Note
-------+----------+-------------------------------------------
     0 | D:1      | Jo5h the Minotaur Fighter began the quest for the Orb.
     0 | D:1      | Reached XP level 1. HP: 19/19 MP: 0/0
    66 | D:1      | Reached XP level 2. HP: 25/27 MP: 1/1
   175 | D:1      | Found a faded altar of an unknown god.
   199 | D:1      | Prayed at the altar of an unknown god.
   199 | D:1      | Became a worshipper of Warmaster Okawaru
   199 | D:1      | Reached * piety under Okawaru
   721 | D:2      | Reached XP level 3. HP: 33/33 MP: 2/2
  1257 | D:2      | Found a radiant altar of Vehumet.
  1547 | D:3      | Found a shadowy altar of Dithmenos.
  1811 | D:3      | Found a hide-covered altar of Uskayaw.
  1911 | D:3      | Found a broken altar of Ashenzari.
  2021 | D:3      | Reached skill level 1 in Dodging
  2021 | D:3      | Reached XP level 4. HP: 33/40 MP: 3/3
  2242 | D:4      | Slain by a gnoll

Illustrated notes

Levels and vault maps discovered:
D:1:      tarquinn_simple_flora_water_b, layout_rooms, basic_ecumenical_altar,
          minmay_tiny_reverse_x
D:2:      layout_basic, basic_altar, corexii_item_surrounded_by_moat
D:3:      layout_rooms, ashenzari_altar_1, nicolae_dithmenos_shadow_blocks,
          mainiacjoe_overflow_alcove_1, minmay_shallow_snake_nest
D:4:      layout_basic, nicolae_ru_sacrificial_ziggurat,
          hellmonk_ghost_happy_afterlife, uniq_natasha

Skill      XL: |  1  2  3 |
---------------+----------+-----
Fighting       | 4 |  4.3
Shields        | 4 |  4.2
Armour         | 4 |  4.3
Long Blades    | 3 |  3.5
Dodging        | 1 |  1.3

Action                     |  1- 3 |  4- 6 || total
---------------------------+-------+-------++-------
  Melee: Long sword        |   106 |    15 ||   121
         Headbutt          |    17 |     1 ||    18
 Armour: Scale mail        |   114 |    23 ||   137
  Dodge: Dodged            |    73 |    10 ||    83
  Block: Buckler           |    30 |     4 ||    34
